 Dungeon Crawl Stone Soup version 0.31-a0-229-g1fc7ce93e2 (webtiles) character file.

Game seed: 14364430445670976179

95 Nietzsche the Cutter (level 4, -3/33 HPs)
             Began as a Vampire Gladiator on July 6, 2023.
             Slain by an ogre
             ... wielding a +0 giant spiked club
              (6 damage)
             ... on level 4 of the Dungeon.
             The game lasted 00:09:56 (3127 turns).

Nietzsche the Cutter (Vampire Gladiator)            Turns: 3127, Time: 00:09:56

Health: -3/33      AC:  6    Str: 13    XL:     4   Next: 40%
Magic:  6/6        EV: 13    Int: 12    God:
Gold:   207        SH:  0    Dex: 15    Spells: 6/6 levels left

rFire   + + .        a - +0 rapier
rCold   . . .        (no shield)
rNeg    . . .        b - +0 leather armour
rPois   .            c - +0 helmet
rElec   +            (no cloak)
rCorr   .            l - +1 pair of gloves
SInv    +            (no boots)
Will    +....        y - amulet "Seoske Tuvu" {Acrobat rElec rF+ Will+}
Stlth   +            q - ring of protection from fire
HPRegen 0.45/turn    (no ring)
MPRegen 0.10/turn

%: acrobat
@: healing quickly
A: alive, fangs 3, see invisible, vampiric 2
a: Exsanguinate


You were on level 4 of the Dungeon.
You visited 1 branch of the dungeon, and saw 4 of its levels.

You collected 207 gold pieces.

Inventory:

Hand Weapons
 a - a +0 rapier (weapon)
Missiles
 d - 3 throwing nets (quivered)
 e - a javelin
Armour
 b - a +0 leather armour (worn)
 c - a +0 helmet (worn)
 l - a +1 pair of gloves (worn)
Jewellery
 i - a ring of resist corrosion
 q - a ring of protection from fire (left hand)
 x - an amulet of the acrobat
 y - the amulet "Seoske Tuvu" (around neck) {Acrobat rElec rF+ Will+}
   (You found it on level 4 of the Dungeon)

   [amulet of the acrobat]

   It increases your evasion while moving and waiting.
   rF:        It protects you from fire.
   rElec:     It insulates you from electricity.
   Will:      It increases your willpower.
Scrolls
 j - a scroll of noise {unknown}
 n - a scroll of vulnerability {unknown}
 o - a scroll of fear {unknown}
 r - a scroll of enchant weapon {unknown}
 t - 2 scrolls of teleportation {unknown}
 u - a scroll of poison {unknown}
 v - 4 scrolls of identify {unknown}
 w - a scroll of fog {unknown}
Potions
 f - 2 potions of mutation {unknown}
 g - a potion of lignification {unknown}
 h - 2 potions of enlightenment {unknown}
 k - 4 potions of haste {unknown}
 m - a potion of degeneration {unknown}
 p - a potion of brilliance {unknown}
 s - 2 potions of curing {unknown}


   Skills:
 + Level 2.0 Fighting
 + Level 4.0 Short Blades
 - Level 1.5 Throwing
 + Level 1.1 Armour
 + Level 4.0 Dodging
 + Level 0.7 Stealth
 * Level 1.6 Spellcasting


You had 6 spell levels left.
You didn't know any spells.
Your spell library contained the following spells:

 Spells                   Type           Power      Damage    Failure   Level
 Scorch                   Fire           0%         2d5       50%         2
 Sublimation of Blood     Necr           0%         N/A       50%         2
 Dazzling Flash           Conj/Hex       0%         N/A       73%         3
 Gell's Gravitas          Tloc           0%         N/A       73%         3
 Teleport Other           Tloc           0%         N/A       73%         3
 Flame Wave               Conj/Fire      0%         2d4       98%         4
 Petrify                  Tmut/Erth      0%         N/A       98%         4
 Agony                    Necr           0%         N/A       100%        5
 Irradiate                Conj/Tmut      0%         3d11      100%        5
 Silence                  Hex/Air        0%         N/A       100%        5
 Dispersal                Tloc           0%         N/A       100%        6
 Summon Cactus Giant      Summ           0%         N/A       100%        6


Dungeon Overview and Level Annotations

Branches:
Dungeon (4/15)
 Temple: D:4-7

Altars:
Fedhas
Qazlal
Yredelemnul


Innate Abilities, Weirdness & Mutations

Your natural rate of healing is accelerated.
You have razor-sharp teeth.
You have supernaturally acute eyesight. (SInv)
You are afflicted with vampirism and can become a bat while bloodless.


Message History

There is a stone staircase leading down here.
A goblin comes into view. It is wielding a +0 club.
The goblin shouts!
You hear a shout!
A dart slug comes into view.
The goblin closely misses you.
You closely miss the goblin. You bite the goblin, but do no damage.
The goblin closely misses you.
An ogre comes into view. It is wielding a +0 giant spiked club.
You closely miss the goblin. Your bite misses the goblin.
The goblin misses you.
You barely miss the goblin. The goblin hits you with a +0 club.
You closely miss the goblin. Your bite misses the goblin.
The goblin hits you but does no damage.
You miss the goblin. You bite the goblin.
You kill the goblin!
The ogre hits you with a +0 giant spiked club!
You see here a +0 club.
You puncture the ogre!
The ogre is moderately wounded.
The ogre closely misses you.
You hit the ogre.
The ogre is moderately wounded.
You hit the ogre.
The ogre is heavily wounded.
The ogre barely misses you.
You hit the ogre but do no damage.
The ogre is heavily wounded.
The ogre barely misses you.
You hit the ogre but do no damage. You punch the ogre. You bite the ogre.
The ogre is severely wounded.
A giant cockroach comes into view.
You puncture the ogre!
The ogre is almost dead.
The ogre hits you with a +0 giant spiked club!!
Ouch! That really hurt!
* * * LOW HITPOINT WARNING * * *
You hit the ogre but do no damage.
The ogre is almost dead.
The ogre hits you with a +0 giant spiked club.
You die...

#...........
#........#####.
##..............
###..........##.. #
..........>..## .#.#
######........###...#
# #...........# #
#.........#.# #
####.###...@# # #.#
#.###O.# # #.# #.#
w#.# # ##.# #.# .. B#
# #..# #.. ##. .# #
#.## #.. #. .# # #.#
#. .. #
########.####.# .#
...........)..#


You could see an ogre, a dart slug and a giant cockroach.

Vanquished Creatures
  A hound (D:4)
  2 adders (D:4)
  2 dart slugs (D:4)
  An orc (D:4)
  4 endoplasms
  4 giant cockroaches
  2 goblins
  4 hobgoblins
  2 quokkas
  6 ball pythons
  2 bats (D:1)
  5 frilled lizards
  6 kobolds
  3 rats
44 creatures vanquished.

Notes
Turn   | Place    | Note
-------+----------+-------------------------------------------
     0 | D:1      | Nietzsche the Vampire Gladiator began the quest for the
                  | Orb.
     0 | D:1      | Reached XP level 1. HP: 16/16 MP: 1/1
   221 | D:1      | Reached XP level 2. HP: 21/22 MP: 2/2
   987 | D:2      | Found a faded altar of an unknown god.
  1360 | D:2      | Gained mutation: You are afflicted with vampirism and can
                  | become a bat while bloodless. [Vampire growth]
  1360 | D:2      | Reached XP level 3. HP: 27/27 MP: 4/4
  2026 | D:3      | Reached skill level 1 in Spellcasting
  2122 | D:3      | Found a stormy altar of Qazlal.
  2312 | D:3      | Found a blossoming altar of Fedhas.
  2710 | D:4      | Found a basalt altar of Yredelemnul.
  2865 | D:4      | Reached skill level 1 in Armour
  2865 | D:4      | Reached XP level 4. HP: 33/33 MP: 6/6
  3095 | D:4      | Identified the amulet "Seoske Tuvu" {Acrobat rElec rF+
                  | Will+}
  3115 | D:4      | Noticed an ogre
  3127 | D:4      | Slain by an ogre

Illustrated notes

Levels and vault maps discovered:
D:1:      minmay_arrival_four_circles, layout_loops_ring,
          hangedman_abyss_or_decor_lesser_grid, chequers_serial_rivers_room_a,
          minmay_crystal_water
D:2:      layout_basic, shapermc_ecumenical_altar_flowoftime
D:3:      layout_loops_ring, fedhas_altar_2, mainiacjoe_overflow_surrounded_room
D:4:      layout_rooms, nicolae_wu_jian_immortal_techniques,
          kennysheep_ying_yang, hellmonk_okawaru_the_only_friend_you_need,
          roderic_lattice_a, minmay_starry_boxes

Skill      XL: |  1  2  3 |
---------------+----------+-----
Spellcasting   | 1 |  1.6
Fighting       | 2 |  2.0
Short Blades   | 4 |  4.0
Armour         | 1 |  1.1
Dodging        | 4 |  4.0
Throwing       | |  1.5
Stealth        | |  0.7

Action                     |  1- 3 |  4- 6 || total
---------------------------+-------+-------++-------
  Melee: Rapier            |   158 |    12 ||   170
         Bite              |    21 |     3 ||    24
         Punch             |     2 |     1 ||     3
   Stab: Sleeping          |     1 |       ||     1
 Armour: Leather armour    |    50 |     1 ||    51
  Dodge: Dodged            |   104 |     6 ||   110

Table legend: (Time is in decaauts)
 A = Elapsed time spent in this place.
 B = Non-inter-level travel time spent in this place.
 C = Inter-level travel time spent in this place.
 D = Time resting spent in this place.
 E = Time spent auto-exploring this place.
 F = Levels seen in this place.
 G = Mean time per level.
                   A        B        C        D        E       F      G
               +--------+--------+--------+--------+--------+-----+--------+
         Total |   3130 |   2895 |    235 |    100 |   2211 |   4 |  782.5 |
       Dungeon |   3130 |   2895 |    235 |    100 |   2211 |   4 |  782.5 |
               +--------+--------+--------+--------+--------+-----+--------+

Top non-repeatable levels by time:
     D:2: 985 daAuts
     D:1: 908 daAuts
     D:3: 709 daAuts
     D:4: 527 daAuts
